 Dungeon Crawl Stone Soup version 0.31.0-11-ge490571c62 (webtiles) character file.

Game seed: 4177020477959327315

3 Bravepunisher the Ducker (level 1, 11/11 HPs)
             Began as a Spriggan Monk on Jan 26, 2024.
             Quit the game in the Ecumenical Temple.
             The game lasted 00:02:51 (359 turns).

Bravepunisher the Ducker (Spriggan Monk)             Turns: 359, Time: 00:02:51

Health: 11/11      AC:  2    Str:  7    XL:     1   Next: 41%
Magic:  2/2        EV: 18    Int: 11    God:
Gold:   30         SH:  0    Dex: 17    Spells: 0/0 levels left

rFire   . . .        a - +0 short sword
rCold   . . .        (no shield)
rNeg    . . .        b - +0 robe
rPois   .            (helmet restricted)
rElec   .            (no cloak)
rCorr   .            (gloves unavailable)
SInv    +            (boots unavailable)
Will    .....        (no amulet)
Stlth   ++           (no ring)
HPRegen 0.21/turn    (no ring)
MPRegen 0.08/turn

%: no passive effects
@: very quick
A: very small, no large weapons, unfitting armour, see invisible, speed 3
a: no special abilities


You were in the Ecumenical Temple.
You visited 2 branches of the dungeon, and saw 6 of its levels.

You collected 30 gold pieces.

Inventory:

Hand Weapons
 a - a +0 short sword (weapon)
Armour
 b - a +0 robe (worn)
Scrolls
 d - a scroll of identify {unknown}
Potions
 c - a potion of ambrosia


   Skills:
 * Level 2.5 Fighting
 - Level 3.2 Short Blades
 + Level 4.1 Dodging


You couldn't memorise any spells.
You didn't know any spells.
Your spell library was empty.

Dungeon Overview and Level Annotations

Branches:
Dungeon (5/15)             Temple (1/1) D:5

Altars:
Cheibriados
Dithmenos
Elyvilon
Kikubaaqudgha
Nemelex Xobeh
Okawaru
Ru
Sif Muna
Trog
Uskayaw
Vehumet
Wu Jian
Yredelemnul
Zin
The Shining One

Annotations:
D:4 Edmund


Innate Abilities, Weirdness & Mutations

You are very small and have problems with some larger weapons.
You are too small for most types of armour.
You have supernaturally acute eyesight. (SInv)
You cover ground extremely quickly. (Speed+++)


Message History

Found a hand axe.
You see here a +0 hand axe.
A hobgoblin comes into view.
The hobgoblin shouts!
You hear a shout!
The hobgoblin hits you.
You hit the hobgoblin.
The hobgoblin is lightly wounded.
The hobgoblin barely misses you.
You hit the hobgoblin.
You kill the hobgoblin!
An orc comes into view. It is wielding a +0 dagger.
You see here a hobgoblin corpse.
Found a chain mail.
An orc comes into view. It is wielding a +0 dagger.
Found 6 stones.
A bombardier beetle comes into view.
Found 5 stones.
Found a hand axe.
The orc shouts!
You see here 5 stones. 2 goblins come into view.
Found an iron altar of Okawaru.
The goblin shouts!
Found a scroll labelled ODO GEIWAUMPEL.
You see here a scroll labelled ODO GEIWAUMPEL.
d - a scroll labelled ODO GEIWAUMPEL
Found 8 gold pieces.
Found a stone staircase leading down.
You now have 30 gold pieces (gained 8).
There is a stone staircase leading down here.
You climb downwards.
Found a staircase to the Ecumenical Temple.
There is a stone staircase leading up here.
You hit the bush but do no damage.
There is a staircase to the Ecumenical Temple here.
You climb downwards.
Welcome to the Ecumenical Temple!
Found a radiant altar of Vehumet and an ancient bone altar of Kikubaaqudgha.
Found a staircase back to the Dungeon.
There is a staircase back to the Dungeon here.
Are you sure you want to abandon this character and quit the game? (Confirm with "yes".)

...###.....###.....###.....###...
_...#..._...#..._...#..._...#..._
....#.......#.......#.......#....
...###.....###.....###.....###...
.### ###.### ###.### ###.### ###.
.#######.#######.#######.#######.
.................................
.................................
..⌠.............@.............⌠..
.................................
.................................
.#######.#######.#######.#######.
.### ###.### ###.### ###.### ###.
...###.....###.....###.....###...
....#.......#.......#.......#....
_...#..._...#..._...#..._...#..._
...###.....###.....###.....###...


There were no monsters in sight!

Vanquished Creatures
  A giant cockroach (D:4)
  A hobgoblin (D:4)
  A bat (D:4)
3 creatures vanquished.

Notes
Turn   | Place    | Note
-------+----------+-------------------------------------------
     0 | D:1      | Bravepunisher the Spriggan Monk began the quest for the
                  | Orb.
     0 | D:1      | Reached XP level 1. HP: 11/11 MP: 2/2
    66 | D:3      | Found a faded altar of an unknown god.
   212 | D:4      | Noticed a sleepcap
   216 | D:4      | Noticed Edmund
   303 | D:4      | Noticed a bombardier beetle
   315 | D:4      | Found an iron altar of Okawaru.
   350 | D:5      | Entered Level 5 of the Dungeon
   350 | D:5      | Found a staircase to the Ecumenical Temple.
   358 | Temple   | Entered the Ecumenical Temple
   359 | Temple   | Quit the game

Illustrated notes

Levels and vault maps discovered:
D:1:      dpeg_arrival_chambers_temple_mockup, layout_rooms, minivault_19,
          chequers_serial_rivers_micro_b
D:2:      layout_loops_ring, serial_shops, nicolae_shop_industrial_runoff,
          nicolae_shop_mannequins
D:3:      layout_rooms, grunt_temple_overflow_champion_of_chaos,
          grunt_gozag_breadcrumbs, chequers_ecumenical_altar_simple_redux,
          serial_glass, glass_columns_a, glass_columns_c, item_on_display_a,
          minmay_strange_pillars, item_on_display_a, grunt_ministairs_3,
          supply_closet_lemuel
D:4:      layout_loops_ring, kennysheep_okawaru_gauntlet, uniq_edmund,
          uniq_eustachio, uniq_ijyb
D:5:      layout_layer_cave, minmay_temple_entry_trees
Temple:   dpeg_chambers_temple

Action                     || total
---------------------------++-------
  Melee: Short sword       ||    13
 Armour: Robe              ||    15
  Dodge: Dodged            ||    50
